[Event "December 12 Early 2023"]
[Site "https://www.chess.com"]
[Date "2023.12.12"]
[Round "5"]
[White "Bortnyk, Olexandr"]
[Black "Novozhilov, Semen"]
[Result "1/2-1/2"]
[Board "8"]
[TimeControl "180+1"]
[WhiteFideId "14120828"]
[BlackFideId "24289167"]
[WhiteElo "3014"]
[BlackElo "2747"]
[WhiteTeam "UKR"]
[BlackTeam "RUS"]
[WhiteClock "0:00:10"]
[BlackClock "0:00:14"]

1. e4 c5 2. c3 Nf6 3. e5 Nd5 4. d4 cxd4 5. Nf3 Nc6 6. cxd4 d6 7. Nc3 dxe5 8. dxe5 Nxc3 9. Qxd8+ Nxd8 10. bxc3 g6 11. Bb5+ Nc6 12. O-O Bg7 13. Ba3 Bd7 14. Rad1 Nxe5 15. Bxd7+ Nxd7 16. Rfe1 e6 17. Ng5 Nf6 18. c4 h6 19. Nxe6 fxe6 20. Rxe6+ Kf7 21. Re7+ Kg8 22. Bb2 Nh5 23. Bxg7 Nxg7 24. Rxb7 Kh7 25. Rdd7 Rhg8 26. g3 g5 27. c5 Rac8 28. Rxa7 Rxc5 29. a4 Rc6 30. a5 Kg6 31. h3 Ne6 32. Rd5 Rf8 33. Re7 Ng7 34. Rdd7 Nf5 35. Re5 Rff6 36. Re8 Rf7 37. Rg8+ Kf6 38. Rd5 Rd6 39. Rxd6+ Nxd6 40. Ra8 Rb7 41. a6 Rb1+ 42. Kg2 Ra1 43. a7 Nf7 44. Kf3 Kg7 45. Ke4 Nd6+ 46. Ke5 Nc4+ 47. Kd4 Ra4 48. Kc5 Nb2 49. Kb6 Rb4+ 50. Kc6 Ra4 51. Rb8 Rxa7 52. Rxb2 Rf7 53. Kd5 Kg6 54. Ke6 Rf6+ 55. Ke5 Rf5+ 56. Ke4 Rf6 57. Ke3 Re6+ 58. Kf3 Rf6+ 59. Kg2 h5 60. Rb8 Rc6 61. Rg8+ Kh6 62. Rh8+ Kg6 63. Rd8 Kh6 64. Rd5 Kg6 65. Rd4 Kf5 66. h4 g4 67. Rd8 Kg6 68. Rh8 Rc5 69. Rg8+ Kh6 70. Rf8 Kg6 71. Rf4 Kh6 72. Kf1 Kg6 73. Ke2 Rc2+ 74. Kd3 Ra2 75. Ke3 Ra3+ 76. Ke4 Ra4+ 77. Ke5 Ra5+ 78. Ke4 Ra4+ 79. Ke3 Ra3+ 80. Ke2 Ra2+ 81. Kf1 Ra1+ 82. Kg2 Ra5 83. Rc4 Rb5 84. Rc6+ Kg7 85. Rd6 Ra5 86. Kf1 Rb5 87. Ke2 Ra5 88. Ke3 Ra4 89. Rd4 Ra5 90. Kf4 Kg6 91. Rd6+ Kf7 92. Rd7+ Ke6 93. Rh7 Kf6 94. Rh6+ Kg7 95. Re6 Ra2 96. Kg5 Ra5+ 97. Kf4 Ra2 98. f3 Rf2 99. Re3 Kf6 100. Ke4 gxf3 101. Kf4 Rf1 102. Rxf3 Rxf3+ 103. Kxf3 Kf5 104. Ke3 Kg4 105. Kf2 Kf5 106. Kf3 Ke5 107. Ke3 Kf5 108. Kf2 Kg4 109. Kg2 Kf5 110. Kf3 Ke5 111. g4 hxg4+ 112. Kxg4 Kf6 113. Kh5 Kg7 114. Kg5 Kh8 115. h5 Kh7 116. h6 Kh8 117. Kg6 Kg8 118. h7+ Kh8 119. Kh6 1/2-1/2

[Event "December 12 Early 2023"]
[Site "https://www.chess.com"]
[Date "2023.12.12"]
[Round "5"]
[White "Daneshvar, Bardiya"]
[Black "Tologon tegin, Semetei"]
[Result "0-1"]
[Board "9"]
[TimeControl "180+1"]
[WhiteFideId "12576468"]
[BlackFideId "13800574"]
[WhiteElo "2989"]
[BlackElo "2637"]
[WhiteTeam "IRI"]
[BlackTeam "KGZ"]
[WhiteClock "0:01:10"]
[BlackClock "0:00:35"]

1. b3 e5 2. Bb2 Nc6 3. e3 a6 4. Nf3 d6 5. d4 exd4 6. Nxd4 Bd7 7. c4 Nf6 8. Nc3 Be7 9. Be2 O-O 10. O-O Re8 11. Qd2 Bf8 12. Rad1 g6 13. Nxc6 Bxc6 14. Nd5 Bg7 15. Qc2 Bxd5 16. cxd5 Nd7 17. Bxg7 Kxg7 18. b4 Rc8 19. b5 Nc5 20. bxa6 bxa6 21. Rd4 Rb8 22. h4 h5 23. Rf4 Re5 24. Bf3 Rb6 25. g3 Qb8 26. Qc3 Rb2 27. Ra1 Rb1+ 28. Kg2 Rxa1 29. Qxa1 Qb5 30. Qc3 Qd3 31. Rc4 Qxc3 32. Rxc3 Re8 33. Be2 Rb8 34. Rc2 f5 35. Bf3 Kf6 36. Kf1 Ke5 37. Ke2 Rb1 38. Kd2 Rb7 39. Kc3 Ne4+ 40. Bxe4 fxe4 41. Kd2 Kxd5 42. Ke2 c5 43. f3 exf3+ 44. Kxf3 Ke5 45. Rc3 Rf7+ 46. Ke2 Rb7 47. Ra3 Rb6 48. Ra5 Rc6 49. Kd3 d5 50. Ra4 c4+ 51. Kd2 Ke4 52. Ra5 Rb6 53. Kc3 Rd6 54. Kd2 Kf3 55. Ra3 Kxg3 56. Kc3 Kxh4 57. Kd4 Kg4 58. Ra4 h4 59. Rb4 h3 60. e4 dxe4+ 0-1

[Event "December 12 Early 2023"]
[Site "https://www.chess.com"]
[Date "2023.12.12"]
[Round "5"]
[White "Andreikin, Dmitry"]
[Black "Mikaelyan, Arman"]
[Result "1-0"]
[Board "10"]
[TimeControl "180+1"]
[WhiteFideId "4158814"]
[BlackFideId "13304852"]
[WhiteElo "3089"]
[BlackElo "2866"]
[WhiteTeam "FID"]
[BlackTeam "ARM"]
[WhiteClock "0:00:20"]
[BlackClock "0:00:03"]

1. d4 d5 2. c4 c6 3. Nf3 Nf6 4. Qc2 dxc4 5. e4 b5 6. b3 cxb3 7. axb3 e6 8. Bd3 Be7 9. O-O Bb7 10. Nc3 Na6 11. e5 Nb4 12. exf6 Nxc2 13. fxe7 Qxe7 14. Bxc2 O-O 15. Ne4 c5 16. dxc5 f5 17. Nd6 Bxf3 18. gxf3 Rf6 19. Kh1 Rg6 20. Bf4 Qh4 21. Bg3 Qh5 22. Bd1 f4 23. Bxf4 Qxc5 24. Ne4 Qf5 25. Bg3 h5 26. Be2 a5 27. Nd6 Qd5 28. Nxb5 Qxb3 29. Rab1 Qa2 30. Bd3 Rg5 31. Nd6 Qa3 32. Be4 Rf8 33. Nc4 Qc5 34. Rbc1 Rd8 35. Bh4 Rf8 36. Ne3 Qe5 37. Bxg5 Qxg5 38. Rg1 Qf6 39. Rc7 Rf7 40. Rc8+ Rf8 41. Rc6 a4 42. Ra6 Qe5 43. Rxa4 Kh8 44. Ra7 h4 45. Raxg7 Qxg7 46. Rxg7 Kxg7 47. Kg2 Kh6 48. Kh3 Kg5 49. Ng2 e5 50. Ne3 Rb8 51. Ng4 Rb5 52. Kg2 Ra5 53. Ne3 Rc5 54. Nd5 Rb5 55. Nc7 Rc5 56. Ne6+ Kf6 57. Nxc5 1-0

[Event "December 12 Early 2023"]
[Site "https://www.chess.com"]
[Date "2023.12.12"]
[Round "5"]
[White "Khripachenko, Alexander"]
[Black "Fedoseev, Vladimir"]
[Result "0-1"]
[Board "11"]
[TimeControl "180+1"]
[WhiteFideId "54184975"]
[BlackFideId "24130737"]
[WhiteElo "2806"]
[BlackElo "3052"]
[WhiteTeam "FID"]
[BlackTeam "SLO"]
[WhiteClock "0:00:07"]
[BlackClock "0:00:51"]

1. e4 e5 2. Nf3 Nc6 3. Bb5 Nf6 4. d3 Bd6 5. O-O a6 6. Ba4 O-O 7. c3 Re8 8. Re1 h6 9. Nbd2 Bf8 10. Nf1 b5 11. Bb3 d5 12. exd5 Nxd5 13. Ng3 Be6 14. Bd2 Nf6 15. Bxe6 Rxe6 16. Qc2 Qd7 17. Rad1 Rd8 18. Bc1 Qd5 19. a3 a5 20. c4 Qc5 21. Be3 Nd4 22. Bxd4 exd4 23. Rxe6 fxe6 24. Rc1 bxc4 25. Qxc4 Qxc4 26. Rxc4 c5 27. Nd2 Rb8 28. b3 Nd7 29. f4 Nb6 30. Rc1 a4 31. Nge4 Nd5 32. g3 axb3 33. Rb1 c4 34. dxc4 Nc3 35. Rxb3 Rxb3 36. Nxb3 Nxe4 37. Kg2 d3 38. a4 d2 0-1

[Event "December 12 Early 2023"]
[Site "https://www.chess.com"]
[Date "2023.12.12"]
[Round "5"]
[White "Wagh Suyog"]
[Black "Harsha Bharathakoti"]
[Result "1/2-1/2"]
[Board "12"]
[TimeControl "180+1"]
[WhiteFideId "25071688"]
[BlackFideId "5078776"]
[WhiteElo "2790"]
[BlackElo "2906"]
[WhiteTeam "IND"]
[BlackTeam "IND"]
[WhiteClock "0:00:12"]
[BlackClock "0:00:22"]

1. e4 Nc6 2. Nf3 d6 3. d4 Nf6 4. Nc3 g6 5. h3 Bg7 6. Be2 O-O 7. O-O e5 8. dxe5 dxe5 9. Bc4 Qe7 10. Bg5 Be6 11. Nd5 Bxd5 12. Bxd5 Rfd8 13. c3 Rd6 14. Qb3 Rb8 15. Rad1 h6 16. Bxf6 Bxf6 17. Nd2 Nd8 18. Qa3 a6 19. Nc4 Rd7 20. Qxe7 Rxe7 21. Ne3 c6 22. Bb3 Bg5 23. Nc4 b5 24. Nd6 Nb7 25. Nxb7 Rbxb7 26. g3 a5 27. Rd6 Rec7 28. Rxg6+ Kf8 29. Rd6 a4 30. Bc2 Ke7 31. Rfd1 Rd7 32. Rxd7+ Rxd7 33. Rxd7+ Kxd7 34. b3 axb3 35. axb3 Bd2 36. c4 bxc4 37. bxc4 Kd6 38. Kf1 Kc5 39. Ba4 Ba5 40. Ke2 Kxc4 41. Bxc6 Kd4 42. Be8 f6 43. Bg6 Kc5 44. Bf5 Kd6 45. Kf3 Be1 46. Ke2 Bb4 47. Kf1 Ke7 48. Kg2 Kf8 49. Kf3 Kg7 50. Kg4 Ba5 51. Be6 Be1 52. Kf3 Ba5 53. Bd5 Bb4 54. Ke2 Ba5 55. h4 Bb6 56. f3 Ba7 57. g4 Bb6 58. Kf1 Ba7 59. Kg2 Bb6 60. Kh3 Ba5 61. Kg2 Be1 62. h5 Bh4 63. Kf1 Bg5 64. Ke2 Bf4 65. Kd3 Bg5 66. Kc4 Bf4 67. Kb5 Bg5 68. Kc6 Bf4 69. Kd7 Bg5 70. Ke6 Bf4 71. Kf5 Bg5 1/2-1/2

[Event "December 12 Early 2023"]
[Site "https://www.chess.com"]
[Date "2023.12.12"]
[Round "5"]
[White "Zavgorodniy, Sergiy"]
[Black "Steinberg, Nitzan"]
[Result "1-0"]
[Board "13"]
[TimeControl "180+1"]
[WhiteFideId "14110148"]
[BlackFideId "2801795"]
[WhiteElo "2695"]
[BlackElo "2892"]
[WhiteTeam "UKR"]
[BlackTeam "ISR"]
[WhiteClock "0:00:05"]
[BlackClock "0:00:00"]

1. e4 c5 2. Nf3 d6 3. c3 Nf6 4. Bc4 e6 5. Qe2 Be7 6. d4 O-O 7. e5 dxe5 8. dxe5 Nd5 9. O-O b6 10. Bd3 Bb7 11. Qe4 g6 12. c4 Nc6 13. cxd5 exd5 14. Qg4 Bc8 15. Qg3 Nb4 16. Rd1 Nxd3 17. Rxd3 Bf5 18. Rd1 d4 19. Bh6 Re8 20. Nbd2 Qd5 21. b3 b5 22. Rac1 Rac8 23. Nh4 Bd7 24. Ndf3 a5 25. Qf4 b4 26. Bg5 Bf8 27. h3 a4 28. Re1 axb3 29. axb3 Qxb3 30. Nh2 Qd5 31. Ng4 Bxg4 32. hxg4 b3 33. Qd2 c4 34. Nf3 d3 35. Bh6 Be7 36. Bg5 Bf8 37. Rc3 Rb8 38. Bf6 Rb7 39. Rec1 Ra8 40. Ng5 Ra2 41. Qf4 Bc5 42. Nh3 b2 43. Rb1 Ra1 44. Kh2 Rxb1 45. Rxc4 Bf8 46. Rc8 1-0

[Event "December 12 Early 2023"]
[Site "https://www.chess.com"]
[Date "2023.12.12"]
[Round "5"]
[White "Nepomniachtchi, Ian"]
[Black "Ilamparthi A R"]
[Result "1-0"]
[Board "14"]
[TimeControl "180+1"]
[WhiteFideId "4168119"]
[BlackFideId "45015775"]
[WhiteElo "3100"]
[BlackElo "2878"]
[WhiteTeam "RUS"]
[BlackTeam "IND"]
[WhiteClock "0:01:07"]
[BlackClock "0:00:13"]

1. e4 c5 2. Nf3 e6 3. d4 cxd4 4. Nxd4 Nf6 5. Nc3 Nc6 6. Ndb5 Bb4 7. a3 Bxc3+ 8. Nxc3 d5 9. Bd3 dxe4 10. Nxe4 Nxe4 11. Bxe4 Qxd1+ 12. Kxd1 Bd7 13. Kd2 O-O-O 14. Kc3 f5 15. Bd3 e5 16. f3 Be6 17. Re1 Rd6 18. Be3 Rhd8 19. b4 a6 20. a4 Nd4 21. b5 axb5 22. axb5 Kc7 23. Bg5 Rc8 24. Rxe5 Kb6+ 25. Kb2 Bc4 26. Be3 Bxd3 27. c3 Kc7 28. Bxd4 Rcd8 29. Rc5+ Kd7 30. Ra7 Re6 31. Rxb7+ Ke8 32. Rxg7 Kf8 33. Rxh7 Re2+ 34. Kb3 Rd6 35. Rc8+ 1-0

[Event "December 12 Early 2023"]
[Site "https://www.chess.com"]
[Date "2023.12.12"]
[Round "5"]
[White "Le, Tuan Minh"]
[Black "Cremisi, Daniel"]
[Result "1-0"]
[Board "15"]
[TimeControl "180+1"]
[WhiteFideId "12401153"]
[BlackFideId "2089882"]
[WhiteElo "3069"]
[BlackElo "2638"]
[WhiteTeam "VIE"]
[BlackTeam "USA"]
[WhiteClock "0:01:14"]
[BlackClock "0:00:02"]

1. d4 d5 2. c4 c6 3. Nf3 e6 4. e3 Nf6 5. Nbd2 Nbd7 6. Qc2 Bd6 7. Bd3 O-O 8. O-O Qe7 9. e4 dxe4 10. Nxe4 Nxe4 11. Bxe4 Nf6 12. Bd3 b6 13. Bg5 h6 14. Bh4 Bb7 15. Rfe1 c5 16. d5 g5 17. Bg3 Bxg3 18. hxg3 Qd6 19. dxe6 fxe6 20. Rad1 Qc6 21. Bf1 Kg7 22. Ne5 Qe8 23. Rd6 Rg8 24. f3 Rc8 25. Red1 Rc7 26. Rd8 Qh5 27. g4 1-0

[Event "December 12 Early 2023"]
[Site "https://www.chess.com"]
[Date "2023.12.12"]
[Round "5"]
[White "Pranav, V"]
[Black "Rychkov, Oleg"]
[Result "1-0"]
[Board "16"]
[TimeControl "180+1"]
[WhiteFideId "25060783"]
[BlackFideId "4122852"]
[WhiteElo "3056"]
[BlackElo "2747"]
[WhiteTeam "IND"]
[BlackTeam "RUS"]
[WhiteClock "0:00:14"]
[BlackClock "0:00:09"]

1. e4 e5 2. Nf3 Nc6 3. Bb5 a6 4. Ba4 d6 5. Bxc6+ bxc6 6. d4 f6 7. O-O Ne7 8. Qd3 Ng6 9. Nc3 Be7 10. Qc4 Bd7 11. h3 Qb8 12. Rd1 a5 13. a3 Qb7 14. Be3 Qa6 15. Qa2 Nf8 16. Rd2 Be6 17. d5 Bf7 18. Nh4 g6 19. Nf3 Nd7 20. Bh6 Nb6 21. b3 cxd5 22. exd5 a4 23. Qb1 f5 24. Qd1 Qa5 25. Nxa4 Nxa4 26. bxa4 Qxa4 27. Rb1 Kd7 28. Qe2 Rhb8 29. Re1 Bf6 30. Bg5 Bg7 31. Nd4 Qxa3 32. Ne6 Bh8 33. Qc4 Qa5 34. Qc6+ Kc8 35. Nf8 f4 36. Qd7+ Kb7 37. Rdd1 Bxd5 38. Rb1+ Ka7 39. Ra1 Ba2 40. Ne6 Rb7 41. Nd8 Rb2 42. Nc6+ Kb6 43. Nxa5 Ra6 44. Nb3 1-0

[Event "December 12 Early 2023"]
[Site "https://www.chess.com"]
[Date "2023.12.12"]
[Round "5"]
[White "Krysa, Leandro"]
[Black "Duda, Jan-Krzysztof"]
[Result "0-1"]
[Board "17"]
[TimeControl "180+1"]
[WhiteFideId "116807"]
[BlackFideId "1170546"]
[WhiteElo "2745"]
[BlackElo "3049"]
[WhiteTeam "ARG"]
[BlackTeam "POL"]
[WhiteClock "0:00:00"]
[BlackClock "0:00:48"]

1. e4 g6 2. d4 Bg7 3. Nf3 d6 4. Bc4 e6 5. O-O a6 6. a4 b6 7. Bb3 Bb7 8. Nbd2 Nd7 9. Re1 Ne7 10. Nf1 O-O 11. Ng3 b5 12. c3 Nb6 13. a5 Nd7 14. h4 c5 15. h5 c4 16. Bc2 Nc6 17. hxg6 fxg6 18. d5 Nce5 19. Nd4 Qh4 20. dxe6 Ng4 21. Nf3 Rxf3 22. Qxf3 Nde5 23. Qe2 Rf8 24. e7 Qxe7 25. f3 Qh4 26. Nf1 d5 27. Be3 dxe4 28. fxg4 Nxg4 29. g3 Rxf1+ 30. Kxf1 Qh1+ 31. Bg1 e3 0-1

[Event "December 12 Early 2023"]
[Site "https://www.chess.com"]
[Date "2023.12.12"]
[Round "5"]
[White "Zemlyanskii, Ivan"]
[Black "Atakhan, Abtin"]
[Result "1-0"]
[Board "18"]
[TimeControl "180+1"]
[WhiteFideId "24249971"]
[BlackFideId "22502203"]
[WhiteElo "3036"]
[BlackElo "2738"]
[WhiteTeam "RUS"]
[BlackTeam "IRI"]
[WhiteClock "0:00:14"]
[BlackClock "0:00:00"]

1. d4 Nf6 2. c4 g6 3. h4 Bg7 4. Nc3 Nc6 5. d5 Ne5 6. e4 d6 7. Be2 O-O 8. Nf3 Nxf3+ 9. Bxf3 h5 10. Bg5 Ng4 11. Qd2 c6 12. O-O Ne5 13. Be2 Re8 14. Rad1 Qb6 15. b3 Bd7 16. Be3 Qa5 17. Rc1 Rac8 18. Rfd1 c5 19. a4 a6 20. Qc2 Qb4 21. Bd2 Qb6 22. Bg5 Rb8 23. Bf1 Ng4 24. Rd3 Qc7 25. Rd2 Bd4 26. Kh1 e6 27. f3 Ne3 28. Qd3 Nxf1 29. Rxf1 b5 30. axb5 axb5 31. dxe6 Rxe6 32. Nd5 Qb7 33. Be3 Be5 34. f4 Bg7 35. f5 Re5 36. Bf4 bxc4 37. bxc4 Bc6 38. f6 Bxd5 39. Bxe5 Bxe4 40. Qxd6 Re8 41. fxg7 Bf5 42. Bf6 Qe4 43. Qf8+ Rxf8 44. gxf8=Q+ 1-0

[Event "December 12 Early 2023"]
[Site "https://www.chess.com"]
[Date "2023.12.12"]
[Round "5"]
[White "Sarana, Alexey"]
[Black "Mindlin, Alon"]
[Result "1-0"]
[Board "19"]
[TimeControl "180+1"]
[WhiteFideId "24133795"]
[BlackFideId "2800071"]
[WhiteElo "3022"]
[BlackElo "2735"]
[WhiteTeam "SRB"]
[BlackTeam "ISR"]
[WhiteClock "0:00:51"]
[BlackClock "0:00:24"]

1. d4 Nf6 2. c4 e6 3. Nc3 d5 4. Bg5 Be7 5. e3 O-O 6. Nf3 h6 7. Bxf6 Bxf6 8. cxd5 exd5 9. Qb3 c6 10. Bd3 Re8 11. O-O Qb6 12. Qc2 Bg4 13. Nd2 Nd7 14. h3 Be6 15. Rab1 a5 16. a3 Rec8 17. b4 axb4 18. axb4 Qd8 19. Na4 b5 20. Nc5 Nxc5 21. Qxc5 Be7 22. Qc3 Qd7 23. Nf3 Bd6 24. Rfc1 Bf5 25. Bxf5 Qxf5 26. Qc2 Qd7 27. Ne1 Ra6 28. Nd3 Rca8 29. Qd1 Qf5 30. Rc3 Ra3 31. Rbc1 Rxc3 32. Rxc3 g6 33. Rxc6 Ra3 34. Rxd6 Rxd3 35. Qf3 Qxf3 36. gxf3 Rb3 37. Rxd5 Rxb4 38. Kg2 Rb1 39. h4 b4 40. Rb5 b3 41. f4 b2 42. Kf3 f5 43. Rb7 Kf8 44. Ke2 Ke8 45. d5 Kd8 46. d6 Rh1 47. Rxb2 Rxh4 48. Rb8+ Kd7 49. Rg8 Rg4 50. f3 Rg2+ 51. Kf1 Rd2 52. Rxg6 Rxd6 53. Rxd6+ Kxd6 54. Kg2 Kd5 55. Kg3 Kc4 56. e4 Kd4 57. e5 1-0

[Event "December 12 Early 2023"]
[Site "https://www.chess.com"]
[Date "2023.12.12"]
[Round "5"]
[White "Khismatullin, Denis"]
[Black "Kosteniuk, Alexandra"]
[Result "1-0"]
[Board "20"]
[TimeControl "180+1"]
[WhiteFideId "4142578"]
[BlackFideId "4128125"]
[WhiteElo "2978"]
[BlackElo "2723"]
[WhiteTeam "RUS"]
[BlackTeam "SUI"]
[WhiteClock "0:01:11"]
[BlackClock "0:00:28"]

1. c4 f5 2. Nc3 Nf6 3. Nf3 g6 4. b4 Bg7 5. Bb2 d6 6. d4 a5 7. b5 Nbd7 8. Ng5 Nf8 9. e3 h6 10. Nf3 e6 11. Bd3 d5 12. O-O Ne4 13. Ne5 c6 14. bxc6 bxc6 15. Bxe4 fxe4 16. Ba3 Qc7 17. Rc1 Bxe5 18. dxe5 Qxe5 19. Na4 Rh7 20. cxd5 exd5 21. Nb6 Rb8 22. Rxc6 Bd7 23. Rd6 Bb5 24. Rxd5 Qc7 25. Rxb5 Rxb6 26. Rxb6 Qxb6 27. Qd5 Qe6 28. Qa8+ 1-0

[Event "December 12 Early 2023"]
[Site "https://www.chess.com"]
[Date "2023.12.12"]
[Round "5"]
[White "Arslanov, Shamil"]
[Black "Terry, Renato"]
[Result "1-0"]
[Board "21"]
[TimeControl "180+1"]
[WhiteFideId "4192826"]
[BlackFideId "3803457"]
[WhiteElo "2722"]
[BlackElo "2974"]
[WhiteTeam "RUS"]
[BlackTeam "PER"]
[WhiteClock "0:00:26"]
[BlackClock "0:02:11"]

1. d4 e6 2. e4 d5 3. Nc3 Nf6 4. Bg5 Bb4 5. e5 h6 6. Bd2 Bxc3 7. bxc3 Ne4 8. Bd3 Nxd2 9. Qxd2 c5 10. dxc5 Nd7 11. Nf3 Nxc5 12. O-O O-O 13. Nd4 Bd7 14. f4 Rc8 15. f5 exf5 16. Bxf5 Bxf5 17. Nxf5 Ne4 18. Qxd5 Nxc3 19. Qxb7 Qa5 20. Ne7+ Kh7 21. Nxc8 Qc5+ 22. Kh1 Rxc8 23. Rxf7 Rg8 24. Re1 Nd5 25. e6 Qc3 26. Rff1 Ne3 27. Qe4+ 1-0

[Event "December 12 Early 2023"]
[Site "https://www.chess.com"]
[Date "2023.12.12"]
[Round "5"]
[White "Kourkoulos-Arditis, Stamatis"]
[Black "Ivic, Velimir"]
[Result "1-0"]
[Board "22"]
[TimeControl "180+1"]
[WhiteFideId "4221990"]
[BlackFideId "950122"]
[WhiteElo "2708"]
[BlackElo "2957"]
[WhiteTeam "GRE"]
[BlackTeam "SRB"]
[WhiteClock "0:00:10"]
[BlackClock "0:00:11"]

1. e4 c5 2. Nf3 Nc6 3. b3 e5 4. Bb5 Nf6 5. Nc3 d6 6. h3 Be7 7. O-O O-O 8. Bxc6 bxc6 9. d3 Re8 10. Nh2 Be6 11. f4 exf4 12. Bxf4 Nd7 13. Qd2 Qc7 14. Rae1 Rad8 15. Nd1 Bf6 16. Ne3 Be5 17. Neg4 f6 18. Kh1 Nf8 19. Nxe5 dxe5 20. Be3 c4 21. bxc4 Bxc4 22. Qf2 Be6 23. a3 Rd7 24. Rb1 Rb8 25. Nf3 Rb5 26. Bc5 Ng6 27. a4 Rb7 28. Qd2 h6 29. Qc3 Kh7 30. Be3 Qb8 31. Rxb7 Qxb7 32. Kh2 Bf7 33. Qc5 Kg8 34. a5 Nf8 35. Nh4 Ne6 36. Qc3 Kh7 37. Nf5 Bg6 38. Nxh6 gxh6 39. Rxf6 Bf7 40. Qxe5 Qc7 41. Rxh6+ Kg8 42. Rh8# 1-0

[Event "December 12 Early 2023"]
[Site "https://www.chess.com"]
[Date "2023.12.12"]
[Round "5"]
[White "Chinguun, Sumiya"]
[Black "Zhigalko, Sergei"]
[Result "0-1"]
[Board "23"]
[TimeControl "180+1"]
[WhiteFideId "4902572"]
[BlackFideId "13502956"]
[WhiteElo "2691"]
[BlackElo "2948"]
[WhiteTeam "MGL"]
[BlackTeam "BLR"]
[WhiteClock "0:01:20"]
[BlackClock "0:00:03"]

1. e4 c5 2. Nc3 Nc6 3. Bb5 Nd4 4. Nf3 e6 5. O-O a6 6. Bd3 Nxf3+ 7. Qxf3 Qc7 8. b3 Bd6 9. h3 Ne7 10. Bb2 Be5 11. Na4 Bxb2 12. Nxb2 O-O 13. Rae1 b5 14. e5 Bb7 15. Qh5 Ng6 16. f4 d6 17. Bxg6 hxg6 18. Qh4 dxe5 19. fxe5 Rad8 20. d3 Rd4 21. Qg3 Qa5 22. a4 Qc3 23. Nd1 Qxc2 24. axb5 axb5 25. Rf2 Qxb3 26. Rb2 Qa4 27. Nc3 Qa3 28. Rxb5 Qxc3 29. Rxb7 Rxd3 30. Qf2 Rd5 31. Rc7 Rxe5 32. Rxe5 Qxe5 33. Rxc5 Qd6 34. Rc1 Rd8 35. Rf1 Qd4 36. Qxd4 Rxd4 37. Rc1 g5 38. Kf2 Kh7 39. Rc7 Kg6 40. Kf3 Rf4+ 41. Ke3 Ra4 42. Kf3 Kf6 43. Rc8 Ra3+ 44. Kf2 Ra2+ 45. Kf3 Rb2 46. Rc6 g6 47. Rc7 Rb3+ 48. Kf2 Ra3 49. Rd7 Ra6 50. Rc7 e5 51. Kf3 Ke6 52. Kg4 f6 53. Rg7 Ra4+ 54. Kf3 Ra3+ 55. Kf2 Kf5 56. Rc7 Ra2+ 57. Kf3 Ra3+ 58. Kf2 g4 59. hxg4+ Kxg4 60. Rc6 Kf5 61. Rb6 g5 62. Rc6 g4 63. Rb6 Kg5 64. Re6 Ra2+ 65. Kg3 Ra3+ 66. Kf2 Rc3 67. Ke2 Kf5 68. Rd6 Rc2+ 69. Kf1 g3 70. Rb6 Kg5 71. Re6 Rb2 72. Re8 Rf2+ 73. Kg1 Kf5 74. Rg8 Kf4 75. Rf8 f5 76. Rc8 e4 77. Rc3 Rd2 78. Rc1 e3 79. Kf1 Ke4 80. Rc8 Rf2+ 81. Kg1 e2 82. Re8+ Kd3 83. Rd8+ Ke4 84. Re8+ Kf4 85. Rxe2 Rxe2 0-1

[Event "December 12 Early 2023"]
[Site "https://www.chess.com"]
[Date "2023.12.12"]
[Round "5"]
[White "Makhnev, Denis"]
[Black "Sychev, Klementy"]
[Result "1/2-1/2"]
[Board "24"]
[TimeControl "180+1"]
[WhiteFideId "13707647"]
[BlackFideId "4114060"]
[WhiteElo "2687"]
[BlackElo "2935"]
[WhiteTeam "KAZ"]
[BlackTeam "FID"]
[WhiteClock "0:00:05"]
[BlackClock "0:00:04"]

1. Nf3 Nf6 2. c4 g6 3. g3 Bg7 4. Bg2 c5 5. O-O h5 6. Nc3 Nc6 7. b3 d5 8. cxd5 Nxd5 9. Bb2 Nxc3 10. Bxc3 e5 11. a3 O-O 12. Rc1 Qe7 13. d3 Bd7 14. Qd2 a5 15. Qb2 b5 16. Qb1 b4 17. Bb2 Rab8 18. Nd2 Nd4 19. Bxd4 exd4 20. Rfe1 Bh6 21. Rc2 Bxd2 22. Rxd2 Be6 23. a4 h4 24. e3 Qf6 25. e4 Kg7 26. f4 hxg3 27. hxg3 Rh8 28. Qc2 g5 29. f5 Bd7 30. Qxc5 g4 31. Rf2 Rhc8 32. Qxa5 Rc3 33. e5 Qb6 34. Qd5 Bc6 35. Qd6 Bxg2 36. Kxg2 Qxd6 37. exd6 Rd8 38. Re4 Rxd6 39. f6+ Rxf6 40. Rxg4+ Rg6 41. Rxd4 Rxb3 42. a5 Ra3 43. Rxb4 Rxd3 44. Rf3 Rd2+ 45. Rf2 Rd3 46. Rf3 Rd2+ 47. Rf2 Rd3 1/2-1/2

[Event "December 12 Early 2023"]
[Site "https://www.chess.com"]
[Date "2023.12.12"]
[Round "5"]
[White "Kovalenko, Igor"]
[Black "Volkov, Maksim"]
[Result "0-1"]
[Board "25"]
[TimeControl "180+1"]
[WhiteFideId "14117908"]
[BlackFideId "54123070"]
[WhiteElo "2917"]
[BlackElo "2682"]
[WhiteTeam "UKR"]
[BlackTeam "RUS"]
[WhiteClock "0:00:00"]
[BlackClock "0:00:07"]

1. c4 e6 2. Nc3 d5 3. d4 c6 4. e3 Nf6 5. Qc2 Nbd7 6. b3 Bd6 7. Bb2 O-O 8. Nf3 b6 9. Bd3 Bb7 10. g4 c5 11. cxd5 cxd4 12. Nxd4 Nxd5 13. Nxd5 Bxd5 14. Bxh7+ Kh8 15. Be4 Rc8 16. Qb1 Bb4+ 17. Ke2 Nf6 18. Bf3 Bxf3+ 19. Nxf3 Qd5 20. Rc1 Nxg4 21. a4 e5 22. Qf5 Qxb3 23. Rxc8 Qxb2+ 24. Rc2 Qxa1 25. Qxg4 Qxa4 26. Qc4 b5 27. Qe4 Bd6 28. Qc6 Rd8 29. h3 Kg8 30. Kf1 Qb3 31. Kg2 Qe6 32. Rd2 Qg6+ 33. Kf1 e4 34. Ne5 Qe6 35. Rd5 Qxh3+ 36. Ke2 Qe6 37. Kf1 b4 38. Nc4 Be7 39. Rxd8+ Bxd8 40. Qb5 Be7 41. Qb8+ Bf8 42. Ne5 a5 43. Qc7 b3 44. Nd7 b2 0-1

[Event "December 12 Early 2023"]
[Site "https://www.chess.com"]
[Date "2023.12.12"]
[Round "5"]
[White "Maksimovic, Bojan"]
[Black "Nagare Kaivalya Sandip"]
[Result "1-0"]
[Board "26"]
[TimeControl "180+1"]
[WhiteFideId "14408120"]
[BlackFideId "25957929"]
[WhiteElo "2907"]
[BlackElo "2680"]
[WhiteTeam "BIH"]
[BlackTeam "IND"]
[WhiteClock "0:01:07"]
[BlackClock "0:00:54"]

1. e4 e5 2. Nf3 Nc6 3. c3 Nf6 4. d4 exd4 5. Bd3 dxc3 6. Nxc3 d6 7. O-O Be7 8. Bf4 O-O 9. h3 Be6 10. Qe2 Nd7 11. Rad1 Nc5 12. Bb1 Qc8 13. Nd5 Bd8 14. Rfe1 Ne7 15. Qc2 Ng6 16. Bg3 f6 17. Nd4 Bf7 18. b4 Nd7 19. Nf5 Nde5 20. f4 Nd7 21. h4 Bxd5 22. exd5 Nb6 23. h5 Nh8 24. Nh6+ 1-0

[Event "December 12 Early 2023"]
[Site "https://www.chess.com"]
[Date "2023.12.12"]
[Round "5"]
[White "Timerkhanov, Alexander"]
[Black "Indjic, Aleksandar"]
[Result "0-1"]
[Board "27"]
[TimeControl "180+1"]
[WhiteFideId "24177938"]
[BlackFideId "911925"]
[WhiteElo "2675"]
[BlackElo "2906"]
[WhiteTeam "RUS"]
[BlackTeam "SRB"]
[WhiteClock "0:00:52"]
[BlackClock "0:01:37"]

1. d4 Nf6 2. Bg5 Nc6 3. d5 Ne5 4. Nc3 e6 5. e3 h6 6. Bh4 Ng6 7. Bg3 Bb4 8. dxe6 fxe6 9. Bd3 Kf7 10. Ne2 Rf8 11. O-O a6 12. a3 Bc5 13. b4 Ba7 14. Ne4 Nh5 15. Nd4 Nxg3 16. fxg3+ Kg8 17. Qh5 Nh8 18. Rxf8+ Qxf8 19. Ng5 g6 20. Bxg6 Bxd4 21. Bh7+ Kg7 22. Qg6+ Nxg6 0-1

[Event "December 12 Early 2023"]
[Site "https://www.chess.com"]
[Date "2023.12.12"]
[Round "5"]
[White "Leiva, Gianmarco"]
[Black "Kovalev, Vladislav"]
[Result "0-1"]
[Board "28"]
[TimeControl "180+1"]
[WhiteFideId "3804399"]
[BlackFideId "13504398"]
[WhiteElo "2669"]
[BlackElo "2899"]
[WhiteTeam "PER"]
[BlackTeam "FID"]
[WhiteClock "0:00:00"]
[BlackClock "0:00:36"]

1. e4 e5 2. f3 d5 3. g3 Nf6 4. Bg2 Nc6 5. Ne2 Bc5 6. d3 Be6 7. c3 a5 8. d4 Bb6 9. Be3 dxe4 10. fxe4 Ng4 11. Bg1 exd4 12. cxd4 Bc4 13. Nbc3 Nb4 14. Nf4 Bxd4 15. Nfd5 Bxg1 16. Rxg1 Nd3+ 17. Kd2 Nge5 18. Qa4+ c6 19. b3 b5 20. Qa3 cxd5 21. bxc4 Nxc4+ 22. Kxd3 Nxa3 0-1